 Dungeon Sprint DCSS version 0.26-a0-771-g060e6a62af (webtiles) character file.

Game seed: 6253203027619918391

1400000 iamoutofideas the Conqueror (level 17, -11/191 HPs)
             Began as a Ghoul Abyssal Knight on Nov 9, 2020.
             Was an Elder of Lugonu.
             Mangled by a meat berserker
             ... wielding a +9 battleaxe
              (75 damage)
             ... in the Dungeon (Sprint VIII: "Arena of Blood").
             The game lasted 00:00:32 (14 turns).

iamoutofideas the Conqueror (Ghoul Abyssal Knight)    Turns: 14, Time: 00:00:32

Health: -11/191    AC:  5    Str: 18    XL:     17   Next: 12%
Magic:  2/30       EV: 16    Int:  7    God:    Lugonu [****..]
Gold:   0          SH:  0    Dex: 13    Spells: 16/16 levels left

rFire    . . .     SeeInvis .   g - +∞ Axe of Woe
rCold    + . .     Faith    .   (shield currently unavailable)
rNeg     + + +     Spirit   .   a - +0 leather armour
rPois    ∞         Reflect  .   (no helmet)
rElec    .         Harm     .   (no cloak)
rCorr    .         Rampage  .   (no gloves)
MR       +....     NoTele   +   (no boots)
Stlth    +.........             (no amulet)
HPRegen  0.00/turn              (no ring)
MPRegen  0.22/turn              (no ring)

@: no status effects
A: rotting body, claws 1, cold resistance 1, negative energy resistance 3,
inhibited regeneration, torment resistance, unbreathing
a: Bend Space, Banish, Corrupt, Renounce Religion


You were in the Dungeon.
You worshipped Lugonu.
Lugonu was greatly pleased with you.
You visited 1 branch

Inventory:

Hand Weapons
 g - the +∞ Axe of Woe (weapon)
   (You found it in the Dungeon)
Armour
 a - a +0 leather armour (worn)
Scrolls
 f - a scroll of blinking
Potions
 b - a potion of curing
 c - a potion of heal wounds
 d - a potion of haste
 e - 2 potions of magic


   Skills:
 O Level 27 Fighting
 + Level 18.7 Axes
 + Level 21.1 Armour
 + Level 8.2 Dodging
 + Level 23.5 Unarmed Combat
 + Level 20.3 Invocations


You had 16 spell levels left.
You didn't know any spells.
Your spell library was empty.

Dungeon Overview and Level Annotations

Branches:
Dungeon (1/1)

Altars:
Makhleb


Innate Abilities, Weirdness & Mutations

Your body is rotting away.
You thrive by killing the living.
You are immune to poison.
You have sharp fingernails.
Your flesh is cold resistant. (rC+)
You are immune to negative energy. (rN+++)
You do not regenerate when monsters are visible.
You are immune to unholy pain and torment.
You can survive without breathing.


Message History

You feel better.
Your Axes skill gained 3 levels and is now at level 17!
Your Armour skill gained 2 levels and is now at level 20!
Your Unarmed Combat skill gained 2 levels and is now at level 22!
Your Invocations skill increases to level 19!
You hit the bag of meat. You chop the bag of meat into pieces.
You kill the bag of meat!
Lugonu accepts your kill.
You can now corrupt the fabric of space.
Your Axes skill increases to level 18!
Your Armour skill increases to level 21!
Your Dodging skill increases to level 8!
Your Unarmed Combat skill increases to level 23!
Your Invocations skill increases to level 20!
You have reached level 17!
The meat berserker appears out of thin air!
A meat berserker comes into view. It is wielding a +9 battleaxe.
The meat berserker shouts!
You hear a shout! x8
The meat berserker hits you with a +9 battleaxe!!!!
You die...

.........O
...........
......... #.....
.# .. #.... ..#
...###... ..###.
.......)###......
#....o.oO@.......
......#.))..#....
..... #_.<._# .
.... #.....# #..
....._.....
.O...O..###......
. .###... ..###.
#... ..# #.. o.#


You could see 2 meat berserkers and 2 bags of meat.

Vanquished Creatures
  2 ogres (D)
  6 orcs (D)
8 creatures vanquished.

Notes
Turn   | Place    | Note
-------+----------+-------------------------------------------
     0 | D        | Found the +∞ Axe of Woe
     0 | D        | iamoutofideas the Ghoul Abyssal Knight began the quest for
                  | the Orb.
     0 | D        | Reached XP level 1. HP: 19/19 MP: 1/1
     2 | D        | Noticed a bag of meat
     4 | D        | Noticed a bag of meat
     5 | D        | Noticed a bag of meat
     7 | D        | Noticed a bag of meat
     7 | D        | Noticed a bag of meat
     7 | D        | Noticed a bag of meat
     8 | D        | Noticed a bag of meat
     9 | D        | Killed a bag of meat
     9 | D        | Reached skill level 22 in Fighting
     9 | D        | Reached skill level 10 in Armour
     9 | D        | Reached skill level 10 in Invocations
     9 | D        | Reached XP level 2. HP: 61/61 MP: 1/7
     9 | D        | Reached XP level 3. HP: 68/68 MP: 1/8
     9 | D        | Reached XP level 4. HP: 77/77 MP: 1/10
     9 | D        | Reached XP level 5. HP: 83/83 MP: 1/11
     9 | D        | Reached XP level 6. HP: 92/92 MP: 1/13
     9 | D        | Reached XP level 7. HP: 100/100 MP: 1/14
     9 | D        | Reached XP level 8. HP: 107/107 MP: 1/15
     9 | D        | Reached XP level 9. HP: 115/115 MP: 1/16
     9 | D        | Reached XP level 10. HP: 123/123 MP: 1/17
     9 | D        | Reached XP level 11. HP: 130/130 MP: 1/18
     9 | D        | Reached XP level 12. HP: 139/139 MP: 1/19
     9 | D        | Noticed a meat berserker
     9 | D        | Noticed a meat berserker
     9 | D        | Noticed a meat berserker
    10 | D        | Noticed a meat berserker
    11 | D        | Killed a bag of meat
    11 | D        | Reached ** piety under Lugonu
    11 | D        | Reached skill level 25 in Fighting
    11 | D        | Reached skill level 5 in Axes
    11 | D        | Reached XP level 13. HP: 154/154 MP: 1/21
    11 | D        | Killed a bag of meat
    11 | D        | Reached skill level 27 in Fighting
    11 | D        | Reached skill level 15 in Unarmed Combat
    11 | D        | Reached XP level 14. HP: 168/168 MP: 1/22
    11 | D        | Noticed a bag of meat
    12 | D        | Killed a meat berserker
    12 | D        | Reached skill level 5 in Dodging
    12 | D        | Reached skill level 15 in Invocations
    12 | D        | Reached XP level 15. HP: 88/174 MP: 1/25
    12 | D        | Reached *** piety under Lugonu
    12 | D        | Reached XP level 16. HP: 101/183 MP: 1/28
    14 | D        | Killed a meat berserker
    14 | D        | Reached **** piety under Lugonu
    14 | D        | Reached XP level 17. HP: 64/191 MP: 2/30
    14 | D        | Noticed a meat berserker
    14 | D        | Mangled by a meat berserker

Illustrated notes

Levels and vault maps discovered:
D:        meatsprint

Skill      XL: |  1  2  3  4  5  6  7  8  9 10 11 12 13 14 15 16 |
---------------+-------------------------------------------------+-----
Fighting       | 22 25 27 | 27.0
Axes           | 4 5 7 11 14 18 | 18.7
Armour         | 10 12 13 16 18 21 | 21.1
Dodging        | 2 3 5 7 8 |  8.2
Unarmed Combat | 12 14 15 18 20 23 | 23.5
Invocations    | 10 12 13 15 18 20 | 20.3

Action                   |  1- 3 |  4- 6 |  7- 9 | 10-12 | 13-15 | 16-18 || total
-------------------------+-------+-------+-------+-------+-------+-------++-------
Melee: Executioner's axe |     1 |       |       |     1 |     1 |     1 ||     4

Table legend: (Time is in decaauts)
 A = Elapsed time spent in this place.
 B = Non-inter-level travel time spent in this place.
 C = Inter-level travel time spent in this place.
 D = Time resting spent in this place.
 E = Time spent auto-exploring this place.
 F = Levels seen in this place.
 G = Mean time per level.
                   A        B        C        D        E       F      G
               +--------+--------+--------+--------+--------+-----+--------+
         Total |     15 |     15 |      0 |      0 |      0 |   1 |   15.0 |
       Dungeon |     15 |     15 |      0 |      0 |      0 |   1 |   15.0 |
               +--------+--------+--------+--------+--------+-----+--------+

Top non-repeatable levels by time:
       D: 15 daAuts
